 Dungeon Crawl Stone Soup version 0.24.0-13-gcf9b3192b9 (webtiles) character file.

Game seed: 5773354718907808354, levelgen mode: deterministic

962 Iamsoldier the Thaumaturge (level 7, -4/36 HPs)
             Began as a Deep Elf Wizard on Nov 6, 2019.
             Was a Follower of Vehumet.
             Slain by a hippogriff (8 damage)
             ... on level 6 of the Dungeon.
             The game lasted 00:23:15 (6291 turns).

Iamsoldier the Thaumaturge (Deep Elf Wizard)        Turns: 6291, Time: 00:23:16

Health: -4/36      AC:  8    Str:  4    XL:     7   Next: 92%
Magic:  9/21       EV: 13    Int: 25    God:    Vehumet [*.....]
Gold:   270        SH:  0    Dex: 13    Spells: 16/23 levels left

rFire    + . .     SeeInvis .   (no weapon)
rCold    x . .     Gourm    .   (no shield)
rNeg     . . .     Faith    .   c - +1 robe
rPois    .         Spirit   .   b - +0 hat
rElec    .         Reflect  .   (no cloak)
rCorr    .         Harm     .   o - +0 pair of gloves
MR       .....                  t - +0 pair of boots
Stlth    ++........             i - amulet of magic regeneration
HPRegen  0.12/turn              f - +3 ring of protection
MPRegen  0.42/turn              a - ring of fire

@: lethally poisoned (-4 -> -20)
A: no striking features
a: Renounce Religion


You were on level 6 of the Dungeon.
You worshipped Vehumet.
Vehumet was aware of your devotion.
You were not hungry.

You visited 2 branches of the dungeon, and saw 7 of its levels.

You collected 270 gold pieces.

Inventory:

Armour
 b - a +0 hat (worn)
 c - a +1 robe (worn)
 o - a +0 pair of gloves (worn)
 t - a +0 pair of boots (worn)
Jewellery
 a - a ring of fire (right hand)
 f - a +3 ring of protection (left hand)
 i - an amulet of magic regeneration (around neck)
 l - an uncursed ring of fire
 r - a cursed ring of protection from fire
Wands
 m - a wand of random effects (20)
 y - a wand of iceblast (10)
Scrolls
 e - 3 scrolls of immolation
 h - 4 scrolls of teleportation
 j - 2 scrolls of identify
 k - 3 scrolls of fear
 p - 4 scrolls of remove curse
 u - a scroll of enchant weapon
 z - a scroll of enchant armour
 A - a scroll of magic mapping {unknown}
Potions
 g - a potion of brilliance
 n - a potion of agility
 q - a potion of berserk rage
 v - a potion of curing
 x - a potion of lignification
 B - a potion of ambrosia {unknown}
Comestibles
 d - 10 rations


   Skills:
 - Level 2.4 Dodging
 - Level 2.4 Stealth
 * Level 8.7 Spellcasting
 * Level 6.4 Conjurations
   Level 1.1 Summonings
 - Level 1.1 Translocations
 + Level 2.6 Fire Magic
 + Level 2.7 Evocations


You had 16 spell levels left.
You knew the following spells:

 Your Spells              Type           Power        Failure   Level  Hunger
a - Magic Dart            Conj           ####         1%          1    None
b - Blink                 Tloc           N/A          5%          2    None
c - Conjure Flame         Conj/Fire      ######..     2%          3    None
d - Shock                 Conj/Air       ####         1%          1    None

Your spell library contained the following spells:

 Spells                   Type           Power        Failure   Level  Hunger
 Call Imp                 Summ           ###.....     5%          2    None
 Mephitic Cloud           Conj/Pois/Air  ###.....     7%          3    None
 Slow                     Hex            ##......     9%          2    None


Dungeon Overview and Level Annotations

Branches:
Dungeon (6/15)             Temple (1/1) D:4

Altars:
Ashenzari
Cheibriados
Dithmenos
Elyvilon
Fedhas
Gozag
Hepliaklqana
Kikubaaqudgha
Makhleb
Nemelex Xobeh
Okawaru
Qazlal
Ru
Sif Muna
Trog
Uskayaw
Vehumet
Wu Jian
Xom
The Shining One


Message History

Casting: Magic Dart (safe; 1% risk of failure)
Confirm with . or Enter, or press ? or * to list all spells.
Aiming: Magic Dart (safe; 1% risk of failure)
Press: ? - help, Shift-Dir - straight line, f/p - water moccasin
Aim: a water moccasin (severely wounded)
The magic dart hits the water moccasin.
The water moccasin is almost dead.
The hippogriff screeches!
You feel sick.
The water moccasin bites you but does no damage.
The water moccasin bites you!
* * * LOW HITPOINT WARNING * * *
Casting: Magic Dart (safe; 1% risk of failure)
Confirm with . or Enter, or press ? or * to list all spells.
You blink.
* * * LOW HITPOINT WARNING * * *
You feel sick.
The water moccasin bites you but does no damage.
The hippogriff bites you!
You die...

#.#.#....#.#
#.#......#.#####
#.#......#.....
#........#..#
#......†....#
#.####.###.###
#.# #.......#
#<# #.###.#.#
#.####@###.#.#
#)..§SH/...# #
######.##..#
#.##..#.#
#.$..^..#
#.##..###
#.##..# ..##..#
#####..#


You could see a hippogriff and a water moccasin.

Vanquished Creatures
  3 ogres
  A centaur (D:5)
  3 scorpions
  A centaur zombie (D:5)
  2 crimson imps
  A jelly (D:5)
  2 orc wizards
  4 worker ants
  5 adders
  2 adder zombies (D:5)
  2 worms (D:2)
  2 dart slugs
  8 leopard geckos
  10 orcs
  3 ball pythons
  10 bats
  7 giant cockroaches
  13 goblins
  7 hobgoblins
  17 jackals
  11 kobolds
  4 quokkas
  4 frilled lizards
  7 rats
129 creatures vanquished.

Notes
Turn   | Place    | Note
-------+----------+-------------------------------------------
     0 | D:1      | Iamsoldier the Deep Elf Wizard began the quest for the Orb.
     0 | D:1      | Reached XP level 1. HP: 10/10 MP: 7/7
     6 | D:1      | Noticed a polar bear
     6 | D:1      | Noticed a worker ant
     6 | D:1      | Noticed a swamp worm
     6 | D:1      | Noticed a black mamba
     6 | D:1      | Noticed a rime drake
   240 | D:1      | Reached XP level 2. HP: 15/15 MP: 7/9
   566 | D:1      | Reached skill level 5 in Spellcasting
  1101 | D:1      | Learned a level 2 spell: Blink
  1662 | D:2      | Reached XP level 3. HP: 19/19 MP: 9/11
  1680 | D:2      | Found a shimmering altar of Xom.
  1726 | D:2      | Noticed a scorpion
  1835 | D:2      | Killed a scorpion
  1835 | D:2      | Reached XP level 4. HP: 9/24 MP: 2/13
  2501 | D:2      | Reached skill level 6 in Spellcasting
  2651 | D:2      | Learned a level 3 spell: Conjure Flame
  3359 | D:3      | Reached XP level 5. HP: 28/28 MP: 11/16
  3595 | D:3      | Found a snail-covered altar of Cheibriados.
  3901 | D:3      | Reached skill level 7 in Spellcasting
  4309 | D:4      | Reached XP level 6. HP: 31/32 MP: 6/18
  4462 | D:4      | Found a staircase to the Ecumenical Temple.
  4496 | Temple   | Entered the Ecumenical Temple
  4535 | Temple   | Became a worshipper of Vehumet
  5262 | D:5      | Entered Level 5 of the Dungeon
  5295 | D:5      | Reached skill level 5 in Conjurations
  5295 | D:5      | Reached skill level 1 in Fire Magic
  5295 | D:5      | Reached skill level 1 in Evocations
  5370 | D:5      | Reached XP level 7. HP: 36/36 MP: 13/20
  5751 | D:5      | Reached skill level 8 in Spellcasting
  5990 | D:5      | Reached * piety under Vehumet
  5990 | D:5      | Offered knowledge of Shock by Vehumet.
  5993 | D:5      | Learned a level 1 spell: Shock
  6280 | D:6      | Noticed a hippogriff
  6291 | D:6      | Slain by a hippogriff

Levels and vault maps discovered:
D:1:      onia_arrival_zoo_common, layout_basic
D:2:      minmay_recursive_quarters, layout_loops_ring, st_stairs_5,
          xom_teletrap_fun
D:3:      minmay_razor_zed, layout_basic, kennysheep_slug_shrine
D:4:      layout_basic, minmay_temple_entry_statues
D:5:      layout_rooms, first_ration, minmay_misc_feat_roman
D:6:      layout_loops_ring, serial_shops, shop
Temple:   grunt_wide_crystal_templ

Skill      XL: |  1  2  3  4  5  6  7 |
---------------+----------------------+-----
Conjurations   | 2 3 4 5 6 |  6.4
Spellcasting   | 5 6 7 8 |  8.7
Fire Magic     | 1 2 |  2.6
Evocations     | 1 2 |  2.7
Dodging        | |  2.4
Stealth        | |  2.4
Summonings     | |  1.1
Translocations | |  1.1

Action                   |  1- 3 |  4- 6 |  7- 9 || total
-------------------------+-------+-------+-------++-------
 Cast: Magic Dart        |    73 |   202 |    88 ||   363
       Blink             |     2 |     4 |    16 ||    22
       Conjure Flame     |       |     2 |     1 ||     3
       Shock             |       |       |     3 ||     3
  Use: Scroll            |     6 |     6 |       ||    12
       Potion            |     5 |     5 |     2 ||    12
  Eat: Ration            |     1 |     2 |       ||     3
       Chunk             |     1 |     4 |     1 ||     6
Armor: Robe              |     5 |    11 |    20 ||    36
Dodge: Dodged            |    22 |    21 |    40 ||    83
